 Dungeon Crawl Stone Soup version 0.30-a0-1050-g2766ea1e55 (webtiles) character file.

Game seed: 8820550946784210417

2948 Grim the Cleaver (level 10, -9/76 HPs)
             Began as a Formicid Fighter on Apr 9, 2023.
             Was a Priest of Okawaru.
             Killed from afar by an acid dragon (20 damage)
             ... with a splash of acid
             ... on level 8 of the Dungeon on Apr 11, 2023.
             The game lasted 00:10:24 (7936 turns).

Grim the Cleaver (Formicid Fighter)                 Turns: 7936, Time: 00:10:25

Health: -9/76      AC: 15    Str: 24    XL:     10   Next: 7%
Magic:  12/14      EV: 15    Int:  9    God:    Okawaru [***...]
Gold:   474        SH:  6    Dex: 13    Spells: 9/9 levels left

rFire   . . .      SeeInvis +    q - +0 battleaxe
rCold   . . .      Faith    .    c - +0 buckler
rNeg    . . .      Spirit   .    o - +0 chain mail
rPois   .          Reflect  .    (helmet unavailable)
rElec   .          Rampage  .    y - +0 cloak
rCorr   .                        f - +2 pair of gloves
Will    ++...                    (no boots) Stlth
                                 (no amulet)
HPRegen 0.32/turn                C - ring of willpower
MPRegen 0.14/turn                t - +5 ring of evasion

@: heroic
A: permanent stasis, dig shafts and tunnels, antennae 3, four strong arms
a: Dig, Shaft Self, Renounce Religion, Heroism


You were on level 8 of the Dungeon.
You worshipped Okawaru.
Okawaru was most pleased with you.
You visited 1 branch of the dungeon, and saw 8 of its levels.

You collected 474 gold pieces.

Inventory:

Hand Weapons
 a - a +0 war axe
 q - a +0 battleaxe (weapon)
Armour
 c - a +0 buckler (worn)
 f - a +2 pair of gloves (worn)
 o - a +0 chain mail (worn)
 y - a +0 cloak (worn)
Jewellery
 h - a ring of positive energy
 t - a +5 ring of evasion (right hand)
 B - a +6 ring of intelligence
 C - a ring of willpower (left hand)
Wands
 d - a wand of light (5)
 p - a wand of digging (14)
 z - a wand of flame (23)
Scrolls
 g - 6 scrolls of identify
 j - 3 scrolls of amnesia {unknown}
 m - 4 scrolls of teleportation {unknown}
 v - 2 scrolls of immolation {unknown}
 A - a scroll of magic mapping {unknown}
 D - a scroll of noise {unknown}
 E - a scroll of brand weapon {unknown}
 H - a scroll of fear {unknown}
Potions
 b - a potion of berserk rage {unknown}
 e - 3 potions of haste
 i - 2 potions of attraction
 k - a potion of flight {unknown}
 l - a potion of brilliance
 n - 3 potions of curing
 r - a potion of cancellation {unknown}
 s - 3 potions of heal wounds
 u - a potion of resistance {unknown}
 w - 3 potions of magic
 x - 2 potions of lignification {unknown}
 F - a potion of mutation {unknown}
 G - 2 potions of degeneration {unknown}


   Skills:
 + Level 6.2(11.2) Fighting
 * Level 11.5(16.5) Axes
 - Level 3.2(8.2) Armour
 - Level 4.0(9.0) Shields
 + Level 5.5 Invocations


You had 9 spell levels left.
You didn't know any spells.
Your spell library contained the following spells:

 Spells                   Type           Power      Damage    Failure   Level
 Sublimation of Blood     Necr           0%         N/A       97%         2
 Wereblood                Tmut           0%         N/A       97%         2
 Summon Hydra             Summ           Unusable   N/A       N/A         7

Dungeon Overview and Level Annotations

Branches:
Dungeon (8/15)             Temple (0/1) D:6
   Lair: D:8-11

Altars:
Hepliaklqana
Kikubaaqudgha
Makhleb
Nemelex Xobeh
Okawaru
Qazlal
Ru
Sif Muna
Xom
Zin

Shops:
D:7 *


Innate Abilities, Weirdness & Mutations

You cannot be hasted, slowed, berserked, paralysed or teleported.
You can dig through walls and to a lower floor.
You have a pair of large antennae on your head. (SInv)
Your four strong arms can wield two-handed weapons with a shield.


Message History

You hit the acid dragon but do no damage.
The acid dragon is heavily wounded.
You miss the killer bee. The killer bee closely misses you.
You block the acid dragon's attack.
The acid dragon claws you but does no damage.
The killer bee closely misses you.
Unknown command.
You closely miss the acid dragon.
The acid dragon is heavily wounded.
You barely miss the killer bee. The killer bee barely misses you.
The acid dragon spits acid at you. The splash of acid hits you!
* * * LOW HITPOINT WARNING * * *
The killer bee barely misses you.
You hear a shout!
You gain the combat prowess of a mighty hero.
You can no longer speed up your combat.
The killer bee barely misses you.
The acid dragon bites you but does no damage.
The acid dragon claws you but does no damage.
The killer bee stings you but does no damage.
Unknown command.
You hit the acid dragon but do no damage.
The acid dragon is heavily wounded.
You slice the killer bee!!
You kill the killer bee!
Okawaru accepts your kill. The acid dragon bites you.
* * * LOW HITPOINT WARNING * * *
The acid dragon claws you but does no damage.
You closely miss the acid dragon.
The acid dragon is heavily wounded.
You are no longer corroded.
You block the acid dragon's attack.
The acid dragon claws you but does no damage.
You completely miss the acid dragon.
The acid dragon is heavily wounded.
The acid dragon spits acid at you. The splash of acid hits you!!
You die...

##....#######..#...####.........#
))....................'.........'
##....#######.#....####.........#
##.#.# #.....## ##.......## ###.#
###.### ##.....### #.# #.#
##...## # #.# ##.## ##'## # #.#
##...## #.# # ..# #...@.# #.#
#...†D...# #.# ##.....#.# ...
##........ ... ##.#.....# ...
#.####### #. { ##


You could see an acid dragon (catching breath).

Vanquished Creatures
  A wyvern (D:7)
  3 steam dragons
  An ice beast (D:6)
  2 orc warriors
  2 ogres
  A centaur (D:6)
  2 phantoms (D:6)
  2 kobold brigands
  Blork the orc (D:4)
  3 bullfrogs
  A killer bee (D:8)
  3 howler monkeys
  4 hounds
  Crazy Yiuf (D:4)
  5 jellies
  4 orc priests
  2 gnoll boudas
  2 orc wizards
  2 sleepcaps
  Natasha (twice) (D:3)
  8 iguanas
  14 gnolls
  9 adders
  A shadow imp (D:6)
  A white imp (D:5)
  2 ufetubi
  4 worms
  A dart slug (D:2)
  16 orcs
  9 ball pythons
  8 bats
  3 bat zombies (D:5)
  3 endoplasms
  3 giant cockroaches
  11 goblins
  7 hobgoblins
  3 jackals (D:2)
  6 quokkas
  13 frilled lizards
  11 kobolds
  7 rats
  2 rat zombies (D:5)
186 creatures vanquished.

Vanquished Creatures (others)
  3 plants (D:4)
3 creatures vanquished.

Grand Total: 189 creatures vanquished

Notes
Turn   | Place    | Note
-------+----------+-------------------------------------------
     0 | D:1      | Grim the Formicid Fighter began the quest for the Orb.
     0 | D:1      | Reached XP level 1. HP: 18/18 MP: 1/1
   113 | D:1      | Reached XP level 2. HP: 21/24 MP: 2/2
   227 | D:1      | Reached skill level 3 in Axes
   355 | D:1      | Reached XP level 3. HP: 11/29 MP: 3/3
   952 | D:2      | Reached skill level 4 in Axes
   952 | D:2      | Reached XP level 4. HP: 35/35 MP: 4/4
  1270 | D:2      | Upgraded the game from 0.30-a0-1042-gacf32f4bd3 to
                  | 0.30-a0-1050-g2766ea1e55
  1290 | D:2      | Found a sacrificial altar of Ru.
  1875 | D:2      | Found a faded altar of an unknown god.
  1951 | D:3      | Reached skill level 5 in Axes
  1951 | D:3      | Reached XP level 5. HP: 18/41 MP: 5/5
  2057 | D:3      | Found an iron altar of Okawaru.
  2061 | D:3      | Became a worshipper of Warmaster Okawaru
  2067 | D:3      | Found a stormy altar of Qazlal.
  2070 | D:3      | Found a sparkling altar of Nemelex Xobeh.
  2073 | D:3      | Found a burning altar of Makhleb.
  2465 | D:3      | Noticed Natasha
  2471 | D:3      | Killed Natasha
  2472 | D:3      | Reached XP level 6. HP: 43/47 MP: 6/6
  2614 | D:3      | Noticed Natasha
  2621 | D:3      | Killed Natasha
  2622 | D:3      | Reached skill level 6 in Axes
  3249 | D:4      | Noticed Blork the orc
  3258 | D:4      | Killed Blork the orc
  3459 | D:4      | Found a runed translucent door.
  3460 | D:4      | Noticed Crazy Yiuf
  3505 | D:4      | Killed Crazy Yiuf
  3506 | D:4      | Reached XP level 7. HP: 48/52 MP: 7/7
  3541 | D:5      | Entered Level 5 of the Dungeon
  3545 | D:5      | Reached skill level 7 in Axes
  3830 | D:5      | Reached * piety under Okawaru
  3862 | D:5      | Reached skill level 8 in Axes
  4278 | D:5      | Reached XP level 8. HP: 54/58 MP: 8/8
  4331 | D:5      | Reached ** piety under Okawaru
  4332 | D:5      | Reached skill level 9 in Axes
  4566 | D:5      | Found an ancient bone altar of Kikubaaqudgha.
  4679 | D:6      | Reached skill level 1 in Invocations
  4725 | D:6      | Found a staircase to the Ecumenical Temple.
  4966 | D:6      | Reached skill level 10 in Axes
  4975 | D:6      | Reached XP level 9. HP: 34/65 MP: 10/10
  5278 | D:6      | Reached *** piety under Okawaru
  5467 | D:6      | Reached skill level 5 in Fighting
  6297 | D:7      | Found a glowing silver altar of Zin.
  6297 | D:7      | Found Zin's Purification Station.
  6354 | D:7      | Found a shimmering altar of Xom.
  6355 | D:7      | Found a hazy altar of Hepliaklqana.
  6356 | D:7      | Noticed a spectral ugly thing
  6611 | D:7      | Found a shimmering blue altar of Sif Muna.
  6804 | D:7      | Reached **** piety under Okawaru
  6805 | D:7      | Reached skill level 11 in Axes
  7312 | D:7      | Reached skill level 5 in Invocations
  7583 | D:8      | Reached XP level 10. HP: 75/76 MP: 13/13
  7936 | D:8      | Killed from afar by an acid dragon

Illustrated notes

Levels and vault maps discovered:
D:1:      psy_arrival_conway, layout_basic
D:2:      layout_basic, shapermc_ecumenical_altar_mp_vishouse, basic_altar,
          hangedman_glass_teeth
D:3:      layout_loops_ring, grunt_temple_overflow_cloverleaf,
          kennysheep_cluttered_room, kennysheep_generic_room_6, uniq_natasha
D:4:      layout_basic, minmay_lizard_king, uniq_blork_the_orc,
          uniq_crazy_yiuf_cottage
D:5:      layout_loops_ring, lemuel_zombie_altar_kikubaaqudgha
D:6:      layout_layer_cave, minmay_temple_entry_butterflies
D:7:      layout_basic, regret_index_temple_of_mockery,
          mainiacjoe_overflow_boulevard, zin_purify, minmay_door_square
D:8:      minmay_angry_zag, layout_loops_corners

Skill      XL: |  1  2  3  4  5  6  7  8  9 |
---------------+----------------------------+-----
Axes           | 3 4 5 6 8 10 11 | 11.5
Invocations    | 2 5 |  5.5
Fighting       | 4 6 |  6.2
Armour         | |  3.2
Shields        | |  4.0

Action                     |  1- 3 |  4- 6 |  7- 9 | 10-12 || total
---------------------------+-------+-------+-------+-------++-------
  Melee: War axe           |   102 |    55 |       |       ||   157
         Battleaxe         |       |   152 |   279 |    39 ||   470
 Invoke: Heroism           |       |       |     1 |     2 ||     3
    Use: Potion            |       |     1 |     1 |       ||     2
         Scroll            |       |       |     5 |       ||     5
 Armour: Scale mail        |    72 |    15 |       |       ||    87
         Chain mail        |       |    90 |   134 |    17 ||   241
  Dodge: Dodged            |    46 |   133 |   224 |    27 ||   430
  Block: Buckler           |    31 |    55 |    83 |    10 ||   179

Table legend: (Time is in decaauts)
 A = Elapsed time spent in this place.
 B = Non-inter-level travel time spent in this place.
 C = Inter-level travel time spent in this place.
 D = Time resting spent in this place.
 E = Time spent auto-exploring this place.
 F = Levels seen in this place.
 G = Mean time per level.
                   A        B        C        D        E       F      G
               +--------+--------+--------+--------+--------+-----+--------+
         Total |   8131 |   7948 |    183 |   1021 |   5459 |   8 | 1016.4 |
       Dungeon |   8131 |   7948 |    183 |   1021 |   5459 |   8 | 1016.4 |
               +--------+--------+--------+--------+--------+-----+--------+

Top non-repeatable levels by time:
     D:6: 1637 daAuts
     D:7: 1214 daAuts
     D:2: 1054 daAuts
     D:4: 972 daAuts
     D:3: 972 daAuts
     D:5: 921 daAuts
     D:1: 915 daAuts
     D:8: 443 daAuts
